 Dungeon Crawl Stone Soup version 0.16.0-12-g7215832 (webtiles) character file.

499 valak23 the Conjurer (level 6, -7/43 HPs)
             Began as a Draconian Conjurer on Mar 19, 2015.
             Was a Follower of Ru.
             Mangled by an orc warrior
             ... wielding a +0 glaive
              (24 damage)
             ... on level 4 of the Dungeon.
             The game lasted 00:17:32 (2508 turns).

valak23 the Conjurer (Draconian Conjurer)           Turns: 2508, Time: 00:17:33

Health: -7/43      AC:  6    Str: 10    XL:     6   Next: 94%
Magic:  0/13       EV: 13    Int: 17    God:    Ru [*.....]
Gold:   105        SH:  0    Dex: 12    Spells: 2 memorised, 7 levels left

rFire  + . .     SeeInvis .     a - staff of conjuration
rCold  . . .     Clarity  .     (armour unavailable)
rNeg   . . .     SustAb   .     (no shield)
rPois  .         Gourm    .     (helmet restricted)
rElec  .         Spirit   .     (no cloak)
rCorr  .         Warding  .     (no gloves)
rMut   .         Stasis   .     (no boots)
MR     .....                    (no amulet)
Stlth  ++........               (no ring)
                                b - ring of protection from fire

@: not resistant to hostile enchantments, unstealthy
A: unfitting armour, frail 1, cold-blooded, AC +6
a: Renounce Religion


You were on level 4 of the Dungeon.
You worshipped Ru.
Ru was aware of your devotion.
You were near starving.

You visited 1 branch of the dungeon, and saw 4 of its levels.

You collected 105 gold pieces.

Inventory:

Hand weapons
 g - a +1 dagger of venom
 l - a +4 vampiric dagger
Magical staves
 a - an uncursed staff of conjuration (weapon)
Jewellery
 b - a ring of protection from fire (left hand)
Scrolls
 e - a scroll of remove curse {unknown}
 j - a scroll of recharging
Potions
 d - a potion of magic {unknown}
 h - a potion of agility
 m - a potion of poison {unknown}
 o - a potion of curing
 p - a potion of haste {unknown}
Books
 c - a book of Conjurations

   Spells                             Type                      Level
   a - Magic Dart                     Conjuration                  1
   b - Searing Ray                    Conjuration                  2
   c - Dazzling Spray                 Conjuration/Hexes            3
   d - Fulminant Prism                Conjuration/Hexes            4
   e - Iskenderun's Mystic Blast      Conjuration                  4
   f - Iskenderun's Battlesphere      Conjuration/Charms           5


   Skills:
 + Level 1.8 Fighting
 + Level 1.7 Short Blades
 + Level 3.8 Dodging
 + Level 2.3 Stealth
 + Level 3.7 Spellcasting
 + Level 5.6 Conjurations


You had 7 spell levels left.
You knew the following spells:

 Your Spells              Type           Power        Failure   Level  Hunger
a - Magic Dart            Conj           ####         1%          1    None
b - Iskenderun's Mystic   Conj           ####....     17%         4    ####...


Dungeon Overview and Level Annotations

Branches:
Dungeon (4/15)
 Temple: D:4-7

Altars:
Dithmenos
Fedhas
Ru
Trog


Innate Abilities, Weirdness & Mutations

Your plain brown scales are hard (AC +6).
Your body does not fit into most forms of armour.
You are frail (-10% HP).
Your cold-blooded metabolism reacts poorly to cold.


Message History

The orc closely misses the orc warrior.
You closely miss the orc warrior.
The orc warrior is lightly wounded.
The orc warrior closely misses you. The orc hits you but does no damage.
You hit the orc warrior but do no damage.
The orc warrior is lightly wounded.
The orc barely misses you.
The orc warrior hits you but does no damage.
Your magical contamination has completely faded away.
Casting: Magic Dart
Confirm with . or Enter, or press ? or * to list all spells.
Aiming: Magic Dart
Press: ? - help, Shift-Dir - straight line, f/p - orc warrior
Aim: an orc warrior, wielding a glaive and wearing a plate armour (lightly wounded)
You feel a surge of power!
The magic dart hits the orc warrior.
The orc warrior is moderately wounded.
The orc misses you.
The orc warrior hits you with a glaive!!
Ouch! That really hurt!
You die...

#.# ####.# .##....# # ...#..#
# #....####.# #........#
##.....## ##### #######
##..<)...###o..# #......
#........).o@.(########[#####
##.......###............#
##..<^.## ##############
##...## ##.## #)# #.#
#.###### #......## ###


You could see an orc warrior and an orc.

Vanquished Creatures
  The ghost of valak23 the Conjurer, an average HECj of Yredelemnul (D:4)
  A centaur (D:4)
  2 orc wizards
  3 orc priests
  4 adders
  2 worms
  2 giant geckos
  6 orcs
  6 bats
  8 goblins
  6 hobgoblins
  7 kobolds
  A quokka (D:2)
  4 giant cockroaches
  8 jackals (D:1)
  6 rats
  A bush (D:4)
68 creatures vanquished.

Notes
Turn   | Place    | Note
--------------------------------------------------------------
     0 | D:1      | valak23, the Draconian Conjurer, began the quest for the Orb.
     0 | D:1      | Reached XP level 1. HP: 14/14 MP: 3/3
   236 | D:1      | Reached XP level 2. HP: 18/20 MP: 2/4
   629 | D:1      | Reached XP level 3. HP: 19/26 MP: 6/6
   747 | D:2      | Found a sacrificial altar of Ru.
   767 | D:2      | Became a worshipper of Ru the Awakened
   836 | D:2      | Found a bloodstained altar of Trog.
  1004 | D:2      | Found a shadowy altar of Dithmenos.
  1451 | D:3      | Reached XP level 4. HP: 34/34 MP: 4/8
  1457 | D:3      | Learned a level 4 spell: Iskenderun's Mystic Blast
  1594 | D:3      | Reached skill level 1 in Short Blades
  1722 | D:3      | Gained mutation: You are frail (-10% HP). [Ru sacrifice]
  1722 | D:3      | Acquired Ru's first power
  1732 | D:3      | Reached skill level 5 in Conjurations
  1740 | D:3      | Reached XP level 5. HP: 15/35 MP: 1/11
  2001 | D:3      | Reached skill level 1 in Fighting
  2086 | D:4      | Found a blossoming altar of Fedhas.
  2086 | D:4      | Noticed a centaur
  2324 | D:4      | Noticed valak23's ghost (average HECj)
  2352 | D:4      | Killed valak23's ghost
  2352 | D:4      | Reached XP level 6. HP: 12/42 MP: 2/13
  2426 | D:4      | Killed a centaur
  2480 | D:4      | Noticed an orc warrior
  2508 | D:4      | Mangled by an orc warrior

Action                   |  1- 3 |  4- 6 || total
-------------------------+-------+-------++-------
Melee: Unarmed           |     9 |       ||     9
       Dagger            |    67 |   107 ||   174
       Staff             |       |    11 ||    11
 Cast: Magic Dart        |    45 |    42 ||    87
       Iskenderun's Myst |       |     3 ||     3
Invok: Sacrifice Health  |       |     1 ||     1
  Use: Scroll            |       |    10 ||    10
       Potion            |       |     4 ||     4
 Stab: Sleeping          |     1 |       ||     1
  Eat: Bread ration      |     2 |       ||     2
       Beef jerky        |       |     1 ||     1
